AoeStats
← NDF

MegaRandom

509235673Analyzed
2v2 RM · 5d ago on Sep 26, 2026· 91m 34s· 4 players
Game mode
Random Map
Map size
Medium (4 player)
Population
200
Speed
Normal
Resources
Standard
Victory
Conquest
Starting age
Dark Age
Ending age
Imperial Age
RankedLock teamsTeams togetherTeam positionsShared explorationLock speedFull tech treeHidden civsTurbo modeCheats
Victory
Defeat
🇫🇷 Maya · France
775
+14
🇫🇷 Italians · France
740
+15
🇦🇷 Ethiopians · Argentina
728
-15
🇦🇷 Koreans · Argentina
713
-14
NDF
3:03 Loom
12:01 Feudal Age
14:08 Man-at-Arms
22:27 Castle Age
20:49 Horse Collar
21:34 Double-Bit Axe
21:43 Stone Mining
22:36 Gold Mining
22:33 Crossbowman
25:47 Stone Shaft Mining
25:48 Gold Shaft Mining
27:51 Bow Saw
27:31 Elite Skirmisher
29:07 Wheelbarrow
28:56 Forging
28:37 Fletching
28:48 Padded Archer Armor
31:58 Long Swordsman
36:46 Bodkin Arrow
39:08 Iron Casting
38:35 Scale Mail Armor
38:41 Scale Barding Armor
43:52 Imperial Age
41:42 Leather Archer Armor
45:38 Sappers
45:40 Capped Ram
47:50 Royal Heirs
48:34 Heavy Scorpion
49:51 Squires
49:37 Arson
56:15 Two-Man Saw
55:35 Chain Mail Armor
56:57 Elite Shotel Warrior
71:55 Masonry
73:00 Blast Furnace
72:31 Plate Mail Armor
72:32 Ring Archer Armor
72:02 Bracer
72:24 Chain Barding Armor
estebanpa
12:22 Feudal Age
11:19 Loom
17:45 Castle Age
15:51 Double-Bit Axe
19:42 Bow Saw
19:16 Horse Collar
19:30 Gold Mining
20:04 Scale Barding Armor
24:29 Scale Mail Armor
25:13 Heavy Plow
28:02 Gold Shaft Mining
31:08 Chain Barding Armor
31:04 Chain Mail Armor
30:59 Forging
35:57 Imperial Age
37:53 Iron Casting
38:20 Cavalier
39:04 Husbandry
39:24 Eupseong
39:49 Shinkichon
40:24 Plate Mail Armor
41:20 Caravan
47:10 Wheelbarrow
46:21 Town Watch
50:08 Hand Cart
49:57 Town Patrol
60:28 Coinage
61:49 Light Cavalry
62:25 Heavy Rocket Cart
63:40 Hussar
67:46 Block Printing
79:01 Squires
78:22 Pikeman
79:40 Halberdier
DiedZombies62
2:05 Loom
10:51 Feudal Age
11:36 Double-Bit Axe
11:32 Horse Collar
16:32 Fletching
17:51 Town Watch
20:47 Castle Age
21:03 Stone Mining
21:16 Padded Archer Armor
22:01 Bow Saw
21:53 Heavy Plow
22:04 Crossbowman
26:51 Wheelbarrow
26:20 Bodkin Arrow
27:31 Ballistics
27:55 Thumb Ring
28:52 Murder Holes
29:17 Leather Archer Armor
30:39 Elite Skirmisher
33:28 Heated Shot
33:49 Town Patrol
34:35 Stone Shaft Mining
33:53 Gold Mining
34:51 Eagle Warrior
38:35 Forging
38:25 Scale Mail Armor
41:11 Imperial Age
39:09 Hul'che Javelineers
42:03 Stone Shaft Mining
42:07 Iron Casting
41:47 Chain Mail Armor
41:17 Elite Plumed Archer
43:51 Heavy Scorpion
44:40 Elite Eagle Warrior
51:33 Two-Man Saw
51:04 Crop Rotation
50:39 Bracer
51:09 Ring Archer Armor
51:13 Block Printing
52:35 Chemistry
58:09 Blast Furnace
57:39 Plate Mail Armor
59:28 Conscription
63:01 Sanctity
62:52 Fervor
64:02 Treadmill Crane
64:32 Masonry
74:38 Capped Ram
75:56 Siege Ram
78:36 Guard Tower
79:20 Architecture
83:22 Keep
legrosalexandre50
7:16 Loom
11:57 Feudal Age
12:02 Man-at-Arms
15:18 Loom
16:02 Scale Barding Armor
16:47 Bloodlines
17:26 Forging
19:45 Horse Collar
19:59 Double-Bit Axe
21:43 Scale Mail Armor
26:56 Castle Age
24:59 Gold Mining
27:01 Pikeman
27:51 Husbandry
28:11 Chain Mail Armor
28:57 Heavy Plow
29:10 Bow Saw
31:51 Stone Mining
33:02 Iron Casting
33:35 Stone Shaft Mining
33:15 Long Swordsman
34:06 Arson
35:01 Chain Barding Armor
37:38 Fletching
37:49 Padded Archer Armor
40:40 Bodkin Arrow
41:03 Leather Archer Armor
41:32 Fortified Wall
41:46 Ballistics
41:56 Murder Holes
44:52 Wheelbarrow
48:52 Imperial Age
50:29 Hand Cart
51:18 Two-Man Saw
50:49 Crop Rotation
50:59 Plate Barding Armor
51:25 Blast Furnace
50:30 Bracer
51:10 Ring Archer Armor
52:08 Chemistry
51:31 Cavalier
55:47 Plate Mail Armor
55:32 Thumb Ring
54:55 Light Cavalry
56:01 Conscription
61:05 Caravan
61:56 Elite Genoese Crossbowman
68:37 Pirotechnia
78:42 Hussar
89:39 Sanctity
89:31 Fervor
89:52 Illumination
Connection lost

Rejoining the realm…

Still unreachable

The connection could not be restored.

Session expired

The server has moved on; the page needs a fresh start.